 Dungeon Crawl Stone Soup version 0.22-a0-367-gb72a975 (webtiles) character file.

41 Falco the Caller (level 3, 0/24 HPs)
             Began as a Demonspawn Summoner on Apr 22, 2018.
             Slain by an adder (2 damage)
             ... on level 2 of the Dungeon.
             The game lasted 00:23:35 (1354 turns).

Falco the Caller (Demonspawn Summoner)              Turns: 1354, Time: 00:23:35

Health: 0/24       AC:  2    Str:  8    XL:     3   Next: 32%
Magic:  0/7        EV: 12    Int: 17    God:
Gold:   52         SH:  0    Dex: 13    Spells: 1/7 levels left

rFire    . . .     SeeInvis .   i - +2 dagger (venom)
rCold    . . .     Gourm    .   (no shield)
rNeg     . . .     Faith    .   a - +0 robe
rPois    .         Spirit   .   (no helmet)
rElec    .         Reflect  .   (no cloak)
rCorr    .         Harm     .   (no gloves)
MR       .....                  (no boots)
Stlth    ++........             (no amulet)
HPRegen  0.08/turn              (no ring)
MPRegen  0.10/turn              (no ring)

@: lethally poisoned (0 -> -3)
A: demonic guardian 1, sturdy frame 1
a: no special abilities


You were on level 2 of the Dungeon.
You were not hungry.

You visited 1 branch of the dungeon, and saw 2 of its levels.

You collected 52 gold pieces.

Inventory:

Hand Weapons
 e - a +0 whip
 f - a +0 dagger
 i - a +2 dagger of venom (weapon)
 l - a +0 whip
Missiles
 b - 17 poisoned needles
 k - 19 stones (quivered)
Armour
 a - a +0 robe (worn)
 d - a +0 leather armour
Potions
 g - a potion of invisibility
Comestibles
 c - 2 rations
 j - 4 chunks of flesh


   Skills:
 + Level 1.7 Dodging
 + Level 2.4 Stealth
 + Level 2.6 Spellcasting
 + Level 4.4 Summonings


You had one spell level left.
You knew the following spells:

 Your Spells              Type           Power        Failure   Level  Hunger
a - Summon Small Mammal   Summ           ###.         3%          1    #......
b - Call Canine Familiar  Summ           ###.....     9%          3    ###....
c - Call Imp              Summ           ###.....     4%          2    ##.....


Dungeon Overview and Level Annotations

Branches:
Dungeon (2/15)

Altars:


Innate Abilities, Weirdness & Mutations

A weak demonic guardian rushes to your aid.
Your movements are slightly less encumbered by armour. (ER -2)


Message History

The adder bites you.
* * * LOW HITPOINT WARNING * * *
You feel sick.
You see here a leopard gecko corpse.
The adder bites you but does no damage. The adder barely misses your rat.
Your rat barely misses the adder.
The adder bites your rat.
Your rat dies!
Your rat's corpse disappears in a puff of smoke!
You feel sick.
You feel sick.
Casting: Summon Small Mammal (safe; 3% risk of failure)
Confirm with . or Enter, or press ? or * to list all spells.
The adder bites you.
* * * LOW HITPOINT WARNING * * *
As you read the scroll labeled RUUGUJ EDWUPLAA, it crumbles to dust.
It is a scroll of enchant weapon.
Your +1 dagger of venom glows red for a moment.
The adder bites you.
You die...

..#........†......#......
....#.#.#.#.#.#..........
.........†...............
....#.#.#.#.#.#..........
.............##..........
.............##...#......
.......$.....##...#+##+##
........S.r..##..).....#
........@....##........#
.....######...#.....)..##
.... ..........[.... ...
..........).... ..
.............. .
..............
............<.
...#+##...>.. ..
.........


You could see an adder and a friendly quokka.

Vanquished Creatures
  A hobgoblin (D:2)
1 creature vanquished.

Vanquished Creatures (collateral kills)
  A hound (D:2)
  An adder (D:2)
  A dart slug (D:1)
  A leopard gecko (D:2)
  2 bats (D:1)
  3 goblins (D:1)
  4 hobgoblins
  3 jackals (D:1)
  8 kobolds
  A ball python (D:1)
  A frilled lizard (D:1)
  5 rats (D:1)
31 creatures vanquished.

Grand Total: 32 creatures vanquished

Notes
Turn   | Place    | Note
-------+----------+-------------------------------------------
     0 | D:1      | Falco the Demonspawn Summoner began the quest for the Orb.
     0 | D:1      | Reached XP level 1. HP: 13/13 MP: 3/3
   158 | D:1      | Gained mutation: A weak demonic guardian rushes to your aid. [demonic ancestry]
   158 | D:1      | Reached XP level 2. HP: 16/19 MP: 1/5
  1201 | D:2      | Gained mutation: Your movements are slightly less encumbered by armour. (ER -2) [demonic ancestry]
  1201 | D:2      | Reached XP level 3. HP: 19/24 MP: 1/6
  1216 | D:2      | Learned a level 3 spell: Call Canine Familiar
  1219 | D:2      | Learned a level 2 spell: Call Imp
  1354 | D:2      | Slain by an adder

Vault maps used:
D:1:      evilmike_arrival_come_back, hex_tiny, patterned_corridor
D:2:      lemuel_crystal_altar, chequers_temple_overflow_statue_of_worship,
          cheibriados_altar_1, st_stairs_10

Skill      XL: |  1  2 |
---------------+-------+-----
Stealth        | 2 |  2.4
Dodging        | |  1.7
Spellcasting   | |  2.6
Summonings     | |  4.4

Action                   || total
-------------------------++-------
Melee: Unarmed           ||     3
       Dagger            ||     4
 Cast: Summon Small Mamm ||    52
       Call Canine Famil ||     2
  Use: Potion            ||     2
       Scroll            ||     2
  Eat: Ration            ||     1
Armor: Robe              ||     4
Dodge: Dodged            ||    11

Table legend:
 A = Spawn XP
 B = Non-spawn XP
 C = Spawn XP percentage of total XP
 D = Spawn monster count
 E = Non-spawn monster count
 F = Spawn count percentage of total count
 G = Total turns spent on level
                    A         B        C        D         E        F      G
               +---------+---------+-------+---------+---------+-------+---------
         Total |       0 |      59 |   0.0 |       0 |      32 |   0.0 |  1354
               +---------+---------+-------+---------+---------+-------+---------
           D:1 |       0 |      27 |   0.0 |       0 |      26 |   0.0 |  1158
           D:2 |       0 |      32 |   0.0 |       0 |       6 |   0.0 |   196
               +---------+---------+-------+---------+---------+-------+---------
